 Dungeon Crawl Stone Soup version 0.23-a0-344-ge122d05 (webtiles) character file.

16 Anerion the Shield-Bearer (level 2, -1/24 HPs)
             Began as a Formicid Fighter on Oct 18, 2018.
             Succumbed to a goblin's poison
             ... on level 1 of the Dungeon.
             The game lasted 00:00:50 (290 turns).

Anerion the Shield-Bearer (Formicid Fighter)         Turns: 290, Time: 00:00:51

Health: -1/24      AC:  6    Str: 20    XL:     2   Next: 70%
Magic:  2/2        EV: 12    Int:  7    God:
Gold:   37         SH: 10    Dex: 15    Spells: 1/1 levels left

rFire    . . .     SeeInvis +   a - +0 quarterstaff
rCold    . . .     Gourm    .   c - +0 shield
rNeg     . . .     Faith    .   b - +0 scale mail
rPois    .         Spirit   .   (helmet unavailable)
rElec    .         Reflect  .   (no cloak)
rCorr    .         Harm     .   (no gloves)
MR       .....                  (no boots)
Stlth    +.........             (no amulet)
HPRegen  0.08/turn              (no ring)
MPRegen  0.08/turn              (no ring)

@: agile, lethally poisoned (-1 -> -51)
A: permanent stasis, dig shafts and tunnels, four strong arms, antennae 3
a: Dig, Shaft Self


You were on level 1 of the Dungeon.
You were not hungry.

You visited 1 branch of the dungeon, and saw 1 of its levels.

You collected 37 gold pieces.

Inventory:

Hand Weapons
 a - a +0 quarterstaff (weapon)
Armour
 b - a +0 scale mail (worn)
 c - a +0 shield (worn)
Scrolls
 e - a scroll of enchant weapon {unknown}
 h - a scroll of teleportation {unknown}
 i - 2 scrolls of identify {unknown}
Potions
 d - a potion of might
 k - a potion of brilliance {unknown}
 l - a potion of curing {unknown}
Comestibles
 f - a ration
 j - 2 chunks of flesh


   Skills:
 - Level 3.2 Fighting
 * Level 2.8 Staves
 - Level 3.2 Armour
 + Level 3.9 Shields


You had one spell level left.
You didn't know any spells.
Your spell library was empty.

Dungeon Overview and Level Annotations

Branches:
Dungeon (1/15)

Altars:


Innate Abilities, Weirdness & Mutations

You cannot be hasted, slowed, berserked, paralysed or teleported.
You can dig through walls and to a lower floor.
Your four strong arms can wield two-handed weapons with a shield.
You have a pair of large antennae on your head. (SInv)


Message History

You are too injured to fight recklessly!
You closely miss the goblin.
The goblin is moderately wounded.
You feel very sick. You block the goblin's attack.
You closely miss the goblin.
The goblin is moderately wounded.
* * * LOW HITPOINT WARNING * * *
You feel sick. The goblin hits you but does no damage.
You are more poisoned.
You closely miss the goblin.
The goblin is moderately wounded.
* * * LOW HITPOINT WARNING * * *
You feel very sick. The goblin hits you but does no damage.
You are more poisoned.
The goblin barely misses you.
It was a potion of agility.
You feel agile all of a sudden.
You die...

.# #....)..# #.#
.######.......# #.#
..............# #.#
.######.......# #.#
.####.........# #.#
......#.......###.######
.#####...................
...# #.#########...######
.#.# #.# #.@...# .#.# #.#
#.)g....#
.#.###.######...........
.).........##......>.###
##.###.###.##.#.....##
#.# #.# #.##...## #.# #.#
#. ##.## ... #.# .. .#.
..#


You could see a goblin.

Vanquished Creatures
  A leopard gecko (D:1)
  3 goblins (D:1)
  3 hobgoblins (D:1)
  A ball python (D:1)
  A bat (D:1)
  3 kobolds (D:1)
  3 rats (D:1)
15 creatures vanquished.

Notes
Turn   | Place    | Note
-------+----------+-------------------------------------------
     0 | D:1      | Anerion the Formicid Fighter began the quest for the Orb.
     0 | D:1      | Reached XP level 1. HP: 18/18 MP: 1/1
   145 | D:1      | Reached XP level 2. HP: 21/24 MP: 2/2
   290 | D:1      | Succumbed to a goblin's poison

Vault maps used:
D:1:      minmay_arrival_glassed_features

Action                   || total
-------------------------++-------
Melee: Quarterstaff      ||    41
  Use: Potion            ||     1
Armor: Scale mail        ||    18
Dodge: Dodged            ||    14
Block: Shield            ||    23

Table legend:
 A = Non-vault XP
 B = Vault XP
 C = Vault XP percentage of total XP
 D = Non-vault monster count
 E = Vault monster count
 F = Vault count percentage of total count
                 A         B        C        D         E       F
            +---------+---------+-------+---------+---------+-------
      Total |      23 |       0 |   0.0 |      15 |       0 |   0.0
            +---------+---------+-------+---------+---------+-------
        D:1 |      23 |       0 |   0.0 |      15 |       0 |   0.0
            +---------+---------+-------+---------+---------+-------
